 Dungeon Crawl Stone Soup version 0.21.1-1-g345015fe64 (webtiles) character file.

29140 Henning the Severer (level 13, -5/177 HPs)
             Began as a Minotaur Berserker on June 14, 2018.
             Was a High Priest of Trog.
             Slain by a deep troll earth mage (11 damage)
             ... on level 13 of the Dungeon.
             The game lasted 00:38:06 (13796 turns).

Henning the Severer (Minotaur Berserker)           Turns: 13796, Time: 00:38:09

Health: -5/177     AC: 21    Str: 30    XL:     13   Next: 13%
Magic:  12/12      EV:  9    Int:  4    God:    Trog [*****.]
Gold:   955        SH: 18    Dex: 12    Spells: 12/12 levels left

rFire    . . .     SeeInvis .   H - +3 war axe
rCold    . . .     Gourm    +   R - +0 large shield
rNeg     . . .     Faith    .   B - +0 plate armour
rPois    .         Spirit   .   e - +1 hat
rElec    .         Reflect  .   P - +2 cloak
rCorr    .         Harm     .   (no gloves)
MR       +++..                  y - +0 pair of boots
Stlth    ..........             O - amulet of the gourmand
HPRegen  1.39/turn              Z - +2 ring of evasion
MPRegen  0.13/turn              r - ring of protection from magic

@: berserking, regenerating, very quick
A: retaliatory headbutt, horns 2
a: Berserk, Trog's Hand, Brothers in Arms, Burn Spellbooks, Renounce Religion


You were on level 13 of the Dungeon.
You worshipped Trog.
Trog was extremely pleased with you.
You were very full.

You visited 1 branch of the dungeon, and saw 13 of its levels.

You collected 955 gold pieces.

Inventory:

Hand Weapons
 H - a +3 war axe (weapon)
 W - a +2 antimagic broad axe
Missiles
 U - 6 javelins (quivered)
 V - 7 silver javelins
Armour
 e - a +1 hat (worn)
 y - a +0 pair of boots (worn)
 A - a +0 scale mail
 B - a +0 plate armour (worn)
 P - a +2 cloak (worn)
 R - a +0 large shield (worn)
Jewellery
 d - an uncursed ring of stealth
 r - a ring of protection from magic (right hand)
 x - an uncursed ring of see invisible
 F - an uncursed amulet of guardian spirit
 N - an uncursed ring of positive energy
 O - an amulet of the gourmand (around neck)
 Z - a +2 ring of evasion (left hand)
Wands
 u - a wand of iceblast (5)
 w - a wand of polymorph (56)
 z - a wand of disintegration (15)
 E - a wand of enslavement (11)
 M - a wand of flame (59)
 Q - a wand of random effects (13)
 T - a wand of paralysis (9)
Scrolls
 b - 2 scrolls of random uselessness {unknown}
 g - 13 scrolls of identify
 k - 7 scrolls of remove curse
 l - 5 scrolls of magic mapping {unknown}
 m - 2 scrolls of noise {unknown}
 n - 9 scrolls of amnesia {unknown}
 s - 2 scrolls of fog {unknown}
 t - 4 scrolls of teleportation {unknown}
 v - 2 scrolls of immolation {unknown}
 C - a scroll of summoning {unknown}
 I - 4 scrolls of enchant armour {unknown}
 J - a scroll of fear {unknown}
 L - 2 scrolls of blinking {unknown}
Potions
 a - 3 potions of heal wounds {unknown}
 f - 2 potions of might {unknown}
 h - 8 potions of curing
 i - 2 potions of degeneration {unknown}
 j - 2 potions of ambrosia {unknown}
 o - a potion of magic {unknown}
 p - 4 potions of agility {unknown}
 q - 2 potions of haste
 D - 3 potions of brilliance {unknown}
 G - 2 potions of mutation {unknown}
 K - a potion of resistance {unknown}
 S - a potion of invisibility
 X - a potion of cancellation {unknown}
Comestibles
 c - 23 rations


   Skills:
 + Level 12.1 Fighting
 + Level 16.8 Axes
 + Level 1.2 Throwing
 + Level 11.4 Armour
 + Level 5.9 Dodging
 + Level 5.1 Stealth
 + Level 8.0 Shields


You had 12 spell levels left.
You didn't know any spells.

Dungeon Overview and Level Annotations

Branches:
Dungeon (13/15)            Temple (0/1) D:7            Lair (0/6) D:10
    Orc (0/2) D:10         Vaults (0/5) D:13

Altars:
Dithmenos
Elyvilon
Hepliaklqana
Sif Muna
Trog
Uskayaw
Vehumet
Wu Jian
Yredelemnul
Zin
The Shining One
Beogh

Shops:
D:4 (=   D:5 (   D:8 *

Annotations:
D:13 3 runed doors


Innate Abilities, Weirdness & Mutations

You reflexively headbutt those who attack you in melee.
You have a pair of horns on your head.


Message History

* * * LOW HITPOINT WARNING * * *
The bolt of electricity misses you.
The bolt of electricity hits the ogre.
Your shield and plate armour prevent you from hitting the deep troll earth mage.
You headbutt the deep troll earth mage!
The deep troll earth mage is almost dead.
You slash the deep troll earth mage! You barely miss the orc.
You slash the ogre!
You kill the ogre!
Trog accepts your kill.
You slash something! You slice the cyclops!! Something hits you!!
* * * LOW HITPOINT WARNING * * *
Something bites you but does no damage.
The deep troll earth mage barely misses you.
You furiously retaliate!
You headbutt the deep troll earth mage.
You block the deep troll earth mage's attack.
The deep troll earth mage completely misses you.
The deep troll earth mage barely misses you.
You furiously retaliate!
You headbutt the deep troll earth mage! The deep troll earth mage claws you!
You die...

## # ###≈≈ # #############≈≈≈≈≈
#### ## #≈≈≈≈≈≈≈≈≈#≈≈;.... ≈#≈≈≈
.# #≈≈≈≈.....#......} .#... .##
##≈≈≈......'....... +... ..#
#≈≈≈......){C......?... +... #.#
#≈≈.......o@To..[.%.....+... #.#
#≈.........#T....[).....#... #.#
#≈..)......#e..≈≈≈≈≈V.. #... #.##
#≈.........#≈≈≈≈≈≈≈≈≈≈ #...
#..####''########################
##.##....≈≈≈≈≈≈≈≈≈≈≈≈≈≈≈≈≈≈≈≈≈≈≈≈
#.#...........).................
#.'.........)...................
#.'.....(.......................


You could see a deep elf annihilator, a cyclops, 2 deep troll earth magi, an orc
warrior, an electric eel and an orc.

Vanquished Creatures
  8 vault guards (D:13)
  2 hydras
  6 two-headed ogres
  A centaur warrior (D:13)
  Sonja (D:10)
  The ghost of kajmaj the Thaumaturge, a novice DEIE of Kikubaaqudgha (D:9)
  A deep elf mage (D:12)
  5 ugly things
  4 manticores
  3 cyclopes (D:13)
  The ghost of strelocc the Covert, a novice OpEn of Dithmenos (D:6)
  2 gargoyles (D:13)
  5 trolls
  A tengu conjurer (D:13)
  A meliai (D:13)
  Grinder (D:6)
  A hippogriff (D:13)
  2 slime creatures (D:13)
  Sigmund (D:5)
  A shadow (D:12)
  4 yaks (D:9)
  A basilisk (D:12)
  2 hungry ghosts
  A soldier ant (D:12)
  A sky beast (D:7)
  5 ice beasts
  4 phantoms
  7 orc warriors
  6 ogres
  2 centaurs
  3 crocodiles
  4 big kobolds
  A bullfrog (D:7)
  A wyvern zombie (D:12)
  2 wyvern skeletons
  A scorpion (D:12)
  9 howler monkeys
  7 wights
  3 electric eels (D:13)
  2 crimson imps (D:7)
  2 bullfrog zombies
  3 centaur zombies
  A quasit (D:7)
  6 hounds
  8 jellies
  4 bullfrog skeletons
  17 orc priests
  A gnoll shaman (D:8)
  18 orc wizards
  An iguana (D:6)
  9 worker ants
  A killer bee zombie (D:5)
  A hound skeleton (D:8)
  15 gnolls
  15 adders
  5 shadow imps
  6 oozes
  2 adder skeletons
  4 worms
  2 dart slugs
  7 leopard geckos
  36 orcs
  4 giant cockroaches
  46 goblins
  35 hobgoblins
  6 jackals (D:2)
  6 quokkas
  2 ball pythons
  A ball python skeleton (D:4)
  8 bats
  5 frilled lizards
  2 goblin skeletons (D:8)
  A goblin zombie (D:8)
  A hobgoblin zombie (D:8)
  21 kobolds
  2 kobold skeletons (D:8)
  A kobold zombie (D:8)
  A leopard gecko skeleton (D:7)
  2 orc skeletons (D:8)
  2 orc zombies (D:8)
  3 quokka skeletons
  A quokka zombie (D:10)
  6 rats
434 creatures vanquished.

Vanquished Creatures (collateral kills)
  4 slime creatures (D:13)
  A bullfrog zombie (D:13)
5 creatures vanquished.

Vanquished Creatures (others)
  An iguana (D:13)
1 creature vanquished.

Grand Total: 440 creatures vanquished

Notes
Turn   | Place    | Note
-------+----------+-------------------------------------------
     0 | D:1      | Henning the Minotaur Berserker began the quest for the Orb.
     0 | D:1      | Reached XP level 1. HP: 19/19 MP: 0/0
   304 | D:1      | Reached skill level 4 in Axes
   333 | D:1      | Reached XP level 2. HP: 22/27 MP: 1/1
   551 | D:1      | Reached XP level 3. HP: 27/33 MP: 2/2
   621 | D:2      | Reached ** piety under Trog
   895 | D:2      | Found a shadowy altar of Dithmenos.
  1003 | D:2      | Reached skill level 1 in Stealth
  1003 | D:2      | Reached XP level 4. HP: 32/41 MP: 3/3
  1098 | D:2      | Found a hazy altar of Hepliaklqana.
  1161 | D:2      | Found a radiant altar of Vehumet.
  1610 | D:3      | Reached skill level 5 in Axes
  2364 | D:4      | Found a glowing silver altar of Zin.
  2380 | D:4      | Found a hide-covered altar of Uskayaw.
  2380 | D:4      | Found a bloodstained altar of Trog.
  2484 | D:4      | Reached XP level 5. HP: 47/47 MP: 4/4
  2555 | D:4      | Found Oriu's Jewellery Shoppe.
  2559 | D:4      | Reached *** piety under Trog
  2633 | D:4      | Found Jeoz Piyfy's Antique Weapon Shoppe.
  2790 | D:4      | Found an ornate altar of the Wu Jian Council.
  2858 | D:5      | Entered Level 5 of the Dungeon
  2878 | D:5      | Reached XP level 6. HP: 50/55 MP: 5/5
  3367 | D:5      | Reached skill level 5 in Fighting
  3367 | D:5      | Reached skill level 6 in Axes
  3568 | D:5      | Noticed Sigmund
  3581 | D:5      | Killed Sigmund
  3581 | D:5      | Reached XP level 7. HP: 61/61 MP: 6/6
  3736 | D:5      | Found Urphavve's Antique Weapon Emporium.
  4295 | D:5      | Reached **** piety under Trog
  4363 | D:5      | Reached skill level 7 in Axes
  5341 | D:6      | Noticed Grinder
  5354 | D:6      | Killed Grinder
  5354 | D:6      | Reached skill level 8 in Axes
  5354 | D:6      | Reached XP level 8. HP: 65/70 MP: 7/7
  5414 | D:6      | Reached skill level 5 in Dodging
  5529 | D:6      | Noticed strelocc's ghost (novice OpEn)
  5540 | D:6      | Killed strelocc's ghost
  5540 | D:6      | Reached skill level 9 in Axes
  5934 | D:7      | Reached ***** piety under Trog
  5953 | D:7      | Reached XP level 9. HP: 37/78 MP: 8/8
  6014 | D:7      | Reached skill level 10 in Axes
  6014 | D:7      | Reached skill level 5 in Armour
  6383 | D:7      | Found a staircase to the Ecumenical Temple.
  7057 | D:8      | Found a glowing golden altar of the Shining One.
  7172 | D:8      | Found a basalt altar of Yredelemnul.
  7200 | D:8      | Reached skill level 11 in Axes
  7262 | D:8      | Received a gift from Trog
  7427 | D:8      | Found a deep blue altar of Sif Muna.
  7470 | D:8      | Found Borihei's Assorted Antiques.
  7503 | D:8      | Found a white marble altar of Elyvilon.
  7768 | D:9      | Noticed kajmaj's ghost (novice DEIE)
  7785 | D:9      | Killed kajmaj's ghost
  7785 | D:9      | Reached skill level 12 in Axes
  7785 | D:9      | Reached XP level 10. HP: 89/89 MP: 7/9
  7816 | D:9      | Noticed a two-headed ogre
  7825 | D:9      | Killed a two-headed ogre
  7873 | D:9      | Noticed a two-headed ogre
  7879 | D:9      | Noticed a two-headed ogre
  7884 | D:9      | Killed a two-headed ogre
  7887 | D:9      | Reached skill level 13 in Axes
  7896 | D:9      | Killed a two-headed ogre
  8431 | D:9      | Noticed a two-headed ogre
  8442 | D:9      | Killed a two-headed ogre
  8442 | D:9      | Reached skill level 14 in Axes
  8442 | D:9      | Reached XP level 11. HP: 27/97 MP: 2/10
  8807 | D:9      | Paralysed by fainting for 11 turns
  8819 | D:9      | Paralysed by fainting for 6 turns
  8830 | D:9      | Paralysed by fainting for 5 turns
  9255 | D:10     | Entered Level 10 of the Dungeon
  9270 | D:10     | Received a gift from Trog
  9367 | D:10     | Found a staircase to the Orcish Mines.
  9390 | D:10     | Found a roughly hewn altar of Beogh.
  9466 | D:10     | Noticed Sonja
  9476 | D:10     | Found a staircase to the Lair.
  9482 | D:10     | Killed Sonja
  9482 | D:10     | Reached skill level 10 in Fighting
  9767 | D:11     | Noticed an eight-headed hydra
  9774 | D:11     | Killed an 11-headed hydra
  9977 | D:11     | Reached skill level 1 in Shields
 10160 | D:11     | Noticed a cyan ugly thing
 10175 | D:11     | Killed a cyan ugly thing
 10610 | D:12     | Noticed a white ugly thing
 10610 | D:12     | Noticed a two-headed ogre
 10617 | D:12     | Killed a two-headed ogre
 10617 | D:12     | Reached skill level 15 in Axes
 10626 | D:12     | Killed a white ugly thing
 10685 | D:12     | Noticed a green ugly thing
 10693 | D:12     | Killed a green ugly thing
 10824 | D:12     | Noticed a cyan ugly thing
 10840 | D:12     | Killed a cyan ugly thing
 11729 | D:12     | Reached XP level 12. HP: 108/108 MP: 11/11
 11784 | D:12     | Reached skill level 10 in Armour
 12021 | D:12     | Noticed a two-headed ogre
 12024 | D:12     | Killed a two-headed ogre
 12196 | D:13     | Reached skill level 5 in Shields
 12208 | D:13     | Reached ****** piety under Trog
 12208 | D:13     | Received a gift from Trog
 12244 | D:13     | Reached skill level 16 in Axes
 12247 | D:13     | Reached skill level 1 in Throwing
 12256 | D:13     | Noticed a deep troll earth mage
 12257 | D:13     | Noticed a deep elf annihilator
 12257 | D:13     | Noticed a centaur warrior
 12676 | D:13     | Noticed a vampire knight
 12707 | D:13     | Found a runed gate.
 12707 | D:13     | Found a runed gate.
 12707 | D:13     | Found a runed gate.
 12848 | D:13     | Reached skill level 5 in Stealth
 12940 | D:13     | Noticed a vault guard
 12940 | D:13     | Noticed a vault guard
 12941 | D:13     | Noticed a vault guard
 12941 | D:13     | Found a gate to the Vaults.
 12941 | D:13     | Noticed a vault guard
 12941 | D:13     | Noticed a vault guard
 12941 | D:13     | Noticed a vault guard
 12942 | D:13     | Noticed a vault guard
 12953 | D:13     | Killed a vault guard
 12958 | D:13     | Killed a vault guard
 12964 | D:13     | Noticed a vault guard
 12966 | D:13     | Killed a vault guard
 12977 | D:13     | Killed a vault guard
 12998 | D:13     | Killed a vault guard
 13005 | D:13     | Killed a vault guard
 13017 | D:13     | Killed a vault guard
 13034 | D:13     | Killed a vault guard
 13034 | D:13     | Reached XP level 13. HP: 35/118 MP: 12/12
 13382 | D:13     | Found a runed gate.
 13382 | D:13     | Found a runed gate.
 13382 | D:13     | Found a runed gate.
 13796 | D:13     | HP: 6/177 [something (22)]
 13796 | D:13     | Slain by a deep troll earth mage

Skill      XL: |  1  2  3  4  5  6  7  8  9 10 11 12 13 |
---------------+----------------------------------------+-----
Axes           | 4 5 6 8 9 12 14 15 16 | 16.8
Fighting       | 4 5 6 8 9 10 12 | 12.1
Stealth        | 1 2 3 4 5 |  5.1
Dodging        | 3 4 5 |  5.9
Armour         | 3 4 6 8 9 11 | 11.4
Shields        | 4 7 8 |  8.0
Throwing       | 1 |  1.2

Action                   |  1- 3 |  4- 6 |  7- 9 | 10-12 | 13-15 || total
-------------------------+-------+-------+-------+-------+-------++-------
Melee: Hand axe          |   103 |   143 |   188 |       |       ||   434
       Headbutt          |    12 |    16 |    65 |   140 |     9 ||   242
       War axe           |       |       |   204 |   525 |    23 ||   752
Throw: Javelin           |       |       |       |     6 |       ||     6
Invok: Berserk           |       |     1 |     3 |     7 |     2 ||    13
       Burn Spellbooks   |       |       |     3 |       |     1 ||     4
       Trog's Hand       |       |       |       |     4 |     2 ||     6
       Brothers in Arms  |       |       |       |     1 |       ||     1
  Use: Scroll            |       |       |     2 |     1 |       ||     3
       Potion            |       |       |       |     2 |       ||     2
 Stab: Sleeping          |     6 |     5 |     8 |       |       ||    19
       Distracted        |       |       |     1 |     1 |       ||     2
  Eat: Chunk             |       |     8 |    17 |    48 |     4 ||    77
       Ration            |       |       |       |     1 |       ||     1
Armor: Animal skin       |    25 |       |       |       |       ||    25
       Leather armour    |     1 |    26 |    50 |       |       ||    77
       Scale mail        |       |       |    11 |       |       ||    11
       Plate armour      |       |       |   127 |   198 |    19 ||   344
Dodge: Dodged            |    67 |    83 |   212 |   103 |    14 ||   479
Block: Large shield      |       |       |       |   198 |    35 ||   233
